 Dungeon Crawl Stone Soup version 0.21-a0-91-ga5031da (webtiles) character file.

249 Ordine the Skirmisher (level 6, -4/44 HPs)
             Began as an Octopode Fighter on June 28, 2017.
             Engulfed by an orc wizard's steam (5 damage)
             ... on level 4 of the Dungeon.
             The game lasted 00:06:05 (2434 turns).

Ordine the Skirmisher (Octopode Fighter)            Turns: 2434, Time: 00:06:06

Health: -4/44      AC:  1    Str: 15    XL:     6   Next: 12%
Magic:  6/6        EV: 12    Int: 11    God:
Gold:   180        SH:  0    Dex: 13    Spells: 5/5 levels left

rFire    . . .     SeeInvis .   a - +1 long sword
rCold    . . .     Gourm    .   b - +1 shield
rNeg     . . .     Faith    .   (helmet restricted)
rPois    .         Spirit   .   (no amulet)
rElec    .         Reflect  .   (no ring)
rCorr    .         Harm     .   (no ring)
MR       .....                  (no ring)
Stlth    +++.......             (no ring)
HPRegen  0.14/turn              (no ring)
MPRegen  0.10/turn              (no ring)
                                (no ring)
                                (no ring)

@: confused, lethally poisoned (-4 -> -29)
A: almost no armour, stealthy swim, amphibious, 8 rings, constrict 8, camouflage
1, gelatinous body 1
a: no special abilities


You were on level 4 of the Dungeon.
You were not hungry.

You visited 1 branch of the dungeon, and saw 4 of its levels.

You collected 180 gold pieces.

Inventory:

Hand Weapons
 a - a +1 long sword (weapon)
 s - a cursed -2 dagger
Missiles
 e - 18 poisoned needles
 h - 100 stones (quivered)
 o - 8 tomahawks
Armour
 b - a +1 shield (worn)
Wands
 i - a wand of iceblast (5/15)
Scrolls
 l - a scroll of teleportation
 n - a scroll of enchant weapon
 q - a scroll of recharging
 r - a scroll of enchant armour
Potions
 c - a potion of might
 g - a potion of magic
 k - 2 potions of flight
Comestibles
 d - 4 bread rations
 f - 2 meat rations
 p - 6 chunks of flesh


   Skills:
 + Level 4.4 Fighting
 * Level 4.1 Long Blades
 - Level 3.0 Dodging
 + Level 4.3 Shields


You had 5 spell levels left.
You didn't know any spells.

Dungeon Overview and Level Annotations

Branches:
Dungeon (4/15)
 Temple: D:4-7

Altars:
Cheibriados
Gozag
Nemelex Xobeh
Sif Muna


Innate Abilities, Weirdness & Mutations

You cannot wear most types of armour.
You are very stealthy in the water. (Stealth+)
You are amphibious.
You can wear up to eight rings at the same time.
You can use your tentacles to constrict eight enemies at once.
Your skin changes colour to match your surroundings (Stealth+).
Your rubbery body absorbs attacks. (AC +1, EV +1)


Message History

A puff of flame appears from out of thin air!
The puff of flame hits you!
You hit the orc wizard. Your grab misses the orc wizard.
Your squeeze misses the orc wizard.
The orc wizard is severely wounded.
You are engulfed in a cloud of scalding steam.
* * * LOW HITPOINT WARNING * * *
x2 You feel sick.
You block the orc wizard's attack. The orc wizard hits you with a dagger.
* * * LOW HITPOINT WARNING * * *
Something hits you.
* * * LOW HITPOINT WARNING * * *
You are more poisoned.
Unknown command.
Unknown command.
Unknown command.
You are confused.
You feel invigorated.
You are engulfed in a cloud of scalding steam.
You die...

................##.# ....
...................#+##..###
................##.........#
............................
..........#########.<......#
..........######..##......##
..........#.≈..#8..#......#
..........#o≈..'._...#......
..........#{@..#8..#.#......
..........######..##+#......
#### ##..# ..# .#


You could see an orc wizard.

Vanquished Creatures
  An ice beast (D:3)
  A worker ant (D:3)
  6 adders
  A worm (D:2)
  2 dart slugs (D:2)
  2 leopard geckos
  4 orcs (D:3)
  2 ball pythons
  5 bats
  4 giant cockroaches
  7 goblins
  8 hobgoblins
  6 jackals
  4 kobolds
  A quokka (D:4)
  6 frilled lizards
  9 rats
69 creatures vanquished.

Notes
Turn   | Place    | Note
-------+----------+-------------------------------------------
     0 | D:1      | Ordine the Octopode Fighter began the quest for the Orb.
     0 | D:1      | Reached XP level 1. HP: 16/16 MP: 1/1
    64 | D:1      | Reached XP level 2. HP: 12/21 MP: 2/2
   459 | D:1      | Reached XP level 3. HP: 21/26 MP: 3/3
  1100 | D:2      | Reached XP level 4. HP: 24/32 MP: 4/4
  1219 | D:2      | Found a sparkling altar of Nemelex Xobeh.
  1458 | D:3      | Noticed an ice beast
  1469 | D:3      | Killed an ice beast
  1469 | D:3      | Reached XP level 5. HP: 14/37 MP: 5/5
  2146 | D:3      | Reached XP level 6. HP: 43/43 MP: 6/6
  2246 | D:3      | Found an opulent altar of Gozag.
  2247 | D:3      | Found a snail-covered altar of Cheibriados.
  2415 | D:4      | Found a deep blue altar of Sif Muna.
  2433 | D:4      | HP: 1/44 [something (5)]
  2434 | D:4      | Engulfed by an orc wizard's steam

Vault maps used:
D:1:      lordsloth_arrival_two_stooges, corexii_leaking_fountain
D:2:      nemelex_xobeh_ov_fountains_minmay
D:3:      gammafunk_temple_overflow_pools, kennysheep_generic_room_9
D:4:      first_bread, led_sif_book

Skill      XL: |  1  2  3  4  5 |
---------------+----------------+-----
Long Blades    | 3 4 |  4.1
Fighting       | 4 |  4.4
Shields        | 4 |  4.3
Dodging        | |  3.0

Action                   |  1- 3 |  4- 6 || total
-------------------------+-------+-------++-------
Melee: Long sword        |    54 |    71 ||   125
       Constrict         |    23 |    18 ||    41
       Tentacles         |    15 |     8 ||    23
  Use: Scroll            |     4 |     6 ||    10
       Potion            |       |     3 ||     3
 Stab: Sleeping          |     5 |     6 ||    11
  Eat: Chunk             |     1 |     4 ||     5
Armor: Skin              |     2 |     3 ||     5
Dodge: Dodged            |    21 |    38 ||    59
Block: Shield            |    22 |    36 ||    58
       Rpst.: Long sword |     8 |     6 ||    14
